 Dungeon Crawl Stone Soup version 0.14-a0-2839-g31ee8e6 (webtiles) character file.

421 Econoterrorist the Ruffian (level 6, 0/47 HPs)
             Began as a Draconian Transmuter on Feb 26, 2014.
             Slain by a gnoll
             ... wielding a +0,+0 flail
              (8 damage)
             ... on Level 2 of the Dungeon.
             The game lasted 00:13:27 (3271 turns).

Econoterrorist the Ruffian (Draconian Transmuter)   Turns: 3271, Time: 00:13:28

HP   0/47        AC  6     Str 13      XL: 6   Next: 15%
MP  10/10        EV 15     Int 15      God:
Gold 118         SH  0     Dex 11      Spells:  2 memorised,  5 levels left

rFire  . . .     SeeInvis .       - Unarmed
rCold  . . .     Clarity  .     (armour unavailable)
rNeg   + . .     Conserve .     (no shield)
rPois  .         rCorr    .     (helmet restricted)
rElec  .         rRot     .     (no cloak)
SustAb . .       Spirit   .     (no gloves)
rMut   .         Warding  +     (no boots)
Saprov . . .     Stasis   .     p - amulet of warding
MR     .....                    (no ring)
                                g - +3 ring of evasion

@: not resistant to hostile enchantments, unstealthy
A: unfitting armour, AC +6
a: no special abilities


You were on level 2 of the Dungeon.
You were not hungry.

You visited 1 branch of the dungeon, and saw 3 of its levels.

You collected 118 gold pieces.

Inventory:

Missiles
 b - 12 arrows
Magical devices
 a - a wand of digging (8)
Comestibles
 n - a bread ration
 z - 5 grapes
 A - 4 sultanas
Scrolls
 c - a scroll of curse jewellery {unknown}
 e - 2 scrolls of magic mapping
 f - a scroll of random uselessness {unknown}
 h - a scroll of identify
 i - a scroll of curse armour {unknown}
 j - 2 scrolls of recharging {unknown}
 k - a scroll of amnesia
 r - a scroll of immolation {unknown}
 v - a scroll of blinking {unknown}
 w - a scroll of fear {unknown}
 x - a scroll of remove curse {unknown}
 y - a scroll of enchant armour {unknown}
 B - a scroll of teleportation {unknown}
Jewellery
 g - a +3 ring of evasion (left hand)
 p - an amulet of warding (around neck)
Potions
 l - a potion of heal wounds {unknown}
 m - a potion of paralysis {unknown}
 o - a potion of resistance {unknown}
 q - a potion of agility {unknown}
 s - a potion of lignification {unknown}
 t - a potion of poison {unknown}
 u - 2 potions of berserk rage {unknown}
Books
 d - a book of Changes

   Spells                             Type                      Level
   *Beastly Appendage                 Transmutation                1
   Sticks to Snakes                   Transmutation                2
   *Spider Form                       Transmutation/Poison         3
   Ice Form                           Ice/Transmutation            4
   Blade Hands                        Transmutation                5


   Skills:
 - Level 1.1 Fighting
 - Level 1.7 Dodging
 - Level 6.1 Unarmed Combat
 - Level 2.0 Spellcasting
 + Level 3.0 Transmutations
 + Level 2.0 Poison Magic


You had 5 spell levels left.
You knew the following spells:

 Your Spells              Type           Power        Failure   Level  Hunger
a - Beastly Appendage     Trmt           ##....       8%          1    #......
b - Spider Form           Trmt/Pois      #.........   24%         3    ####...


Dungeon Overview and Level Annotations

Branches:
Dungeon (3/16)

Altars:
Kikubaaqudgha
Nemelex Xobeh
Okawaru
Trog


Message History

* * * LOW HITPOINT WARNING * * *
You hit the gnoll.
The gnoll is moderately wounded.
The gnoll hits you with a flail.
* * * LOW HITPOINT WARNING * * *
You barely miss the gnoll.
The gnoll is moderately wounded.
The gnoll closely misses you.
Drink which item? (? for menu, Esc to quit)
You feel better.
You hit the gnoll but do no damage.
The gnoll is lightly wounded.
The gnoll misses you.
You hit the gnoll but do no damage.
The gnoll is lightly wounded.
The gnoll closely misses you.
You barely miss the gnoll.
The gnoll is lightly wounded.
The gnoll hits you with a flail!
You die...

#
###..#..###.###..#
#.._#_..##......#
############..###
#.._#_..###.#.#
###..#..###.##.#
#.'#.#.#+..###.#
#..#####..## #.#
#.........####.#
####...........g@.#
............#######
####.##..#..#
#.##.##..#
#........#
#.#####.##
#.......# #########


You could see a gnoll.

Vanquished Creatures
  Sigmund (D:2)
  Ijyb (D:2)
  Terence (D:2)
  4 adders (D:2)
  10 gnolls
  An orc (D:3)
  2 giant cockroaches (D:1)
  8 goblins
  6 hobgoblins
  16 jackals
  5 kobolds
  9 bats
  2 giant geckos (D:2)
  6 rats
72 creatures vanquished.

Notes
Turn   | Place    | Note
--------------------------------------------------------------
     0 | D:1      | Econoterrorist, the Draconian Transmuter, began the quest for the Orb.
     0 | D:1      | Reached XP level 1. HP: 16/16 MP: 3/3
   183 | D:1      | Reached XP level 2. HP: 18/23 MP: 4/4
   429 | D:1      | Reached skill level 4 in Unarmed Combat
   642 | D:2      | Reached XP level 3. HP: 13/28 MP: 6/6
  1088 | D:2      | Noticed Terence
  1109 | D:2      | Killed Terence
  1121 | D:2      | Learned a level 3 spell: Spider Form
  1152 | D:2      | Found an iron altar of Okawaru.
  1153 | D:2      | Found a sparkling altar of Nemelex Xobeh.
  1154 | D:2      | Found an ancient bone altar of Kikubaaqudgha.
  1175 | D:2      | Found a bloodstained altar of Trog.
  1193 | D:2      | Reached XP level 4. HP: 28/35 MP: 7/7
  1199 | D:2      | Noticed Sigmund
  1249 | D:2      | Reached skill level 5 in Unarmed Combat
  1458 | D:2      | Killed Sigmund
  1458 | D:2      | Reached XP level 5. HP: 6/40 MP: 1/9
  2004 | D:3      | Noticed Ijyb
  2038 | D:2      | Killed Ijyb
  2038 | D:2      | Reached skill level 6 in Unarmed Combat
  2313 | D:2      | Reached skill level 1 in Poison Magic
  2714 | D:2      | Reached XP level 6. HP: 42/47 MP: 10/10
  3265 | D:2      | HP: 1/47 [gnoll/flail (6)]
  3271 | D:2      | Slain by a gnoll

Action                   |  1- 3 |  4- 6 || total
-------------------------+-------+-------++-------
Melee: Unarmed           |   122 |   204 ||   326
 Cast: Beastly Appendage |     2 |     5 ||     7
       Spider Form       |       |     2 ||     2
  Use: Scroll            |     2 |     2 ||     4
       Potion            |       |     2 ||     2
